 Dungeon Crawl Stone Soup version 0.25.0-26-g0c896c7088 (webtiles) character file.

Game seed: 3761734513428855852

1242 Electrofox the Changer (level 8, -1/59 HPs)
             Began as a Red Draconian Transmuter on July 5, 2020.
             Was an Initiate of Sif Muna.
             Shot with an arrow by a centaur (9 damage)
             ... on level 5 of the Dungeon.
             The game lasted 00:57:52 (6894 turns).

Electrofox the Changer (Red Draconian Transmuter)   Turns: 6894, Time: 00:57:52

Health: -1/59      AC:  6    Str: 13    XL:     8   Next: 25%
Magic:  12/15      EV: 12    Int: 16    God:    Sif Muna [......]
Gold:   220        SH:  0    Dex: 11    Spells: 11/17 levels left

rFire    + . .     SeeInvis .     - Unarmed
rCold    . . .     Gourm    .   (no shield)
rNeg     . . .     Faith    .   (armour unavailable)
rPois    .         Spirit   .   (helmet restricted)
rElec    .         Reflect  .   (no cloak)
rCorr    .         Harm     .   (no gloves)
MR       .....                  (boots currently unavailable)
Stlth    +.........             (no amulet)
HPRegen  0.19/turn              (no ring)
MPRegen  0.14/turn              (no ring)

@: appendage (expiring)
A: breathe fire, unfitting armour, talons 3, fire resistance 1, cold-blooded, AC
+6
a: Breathe Fire, End Transformation, Renounce Religion


You were on level 5 of the Dungeon.
You worshipped Sif Muna.
Sif Muna was noncommittal.
You were not hungry.
You had grown temporary talons.
You visited 2 branches of the dungeon, and saw 6 of its levels.

You collected 220 gold pieces.

Inventory:

Hand Weapons
 a - a +1 dagger of venom
 b - a +0 hunting sling
Missiles
 h - 62 arrows
 n - 25 sling bullets
 r - 10 poisoned darts (quivered)
 t - 50 stones
Magical Staves
 m - an uncursed staff of wizardry {unknown}
 o - an uncursed staff of poison {unknown}
Scrolls
 g - 4 scrolls of enchant weapon
 k - 2 scrolls of remove curse {unknown}
 p - a scroll of random uselessness {unknown}
 q - a scroll of fear {unknown}
 s - a scroll of immolation {unknown}
 u - a scroll of magic mapping {unknown}
 w - 2 scrolls of identify {unknown}
 y - a scroll of blinking {unknown}
Potions
 d - 3 potions of flight {unknown}
 e - 2 potions of brilliance {unknown}
 f - a potion of degeneration {unknown}
 i - a potion of curing
 j - 2 potions of stabbing {unknown}
 l - a potion of might {unknown}
 v - 2 potions of invisibility {unknown}
 x - a potion of haste {unknown}
Comestibles
 c - 10 rations


   Skills:
 - Level 1.1 Fighting
 - Level 1.7 Dodging
 - Level 3.0 Unarmed Combat
 + Level 5.1 Spellcasting
 * Level 7.6 Transmutations
 - Level 4.0 Poison Magic


You had 11 spell levels left.
You knew the following spells:

 Your Spells              Type           Power        Failure   Level  Hunger
a - Beastly Appendage     Tmut           ####..       1%          1    None
b - Sticks to Snakes      Tmut           ####....     1%          2    #......
c - Spider Form           Tmut/Pois      ###.......   4%          3    ###....

Your spell library contained the following spells:

 Spells                   Type           Power        Failure   Level  Hunger
 Blade Hands              Tmut           ####......   19%         5    ######.
 Ice Form                 Ice/Tmut       ###.....     30%         4    ####...


Dungeon Overview and Level Annotations

Branches:
Dungeon (5/15)             Temple (1/1) D:5

Altars:
Cheibriados
Dithmenos
Elyvilon
Fedhas
Gozag
Hepliaklqana
Kikubaaqudgha
Makhleb
Okawaru
Sif Muna
Trog
Uskayaw
Vehumet
Wu Jian
Xom
Yredelemnul
Zin
The Shining One

Shops:
D:5 [


Innate Abilities, Weirdness & Mutations

You can breathe blasts of fire.
Your fiery red scales are hard. (AC +6)
You cannot fit into any form of body armour.
Your flesh is heat resistant. (rF+)
You are cold-blooded and may be slowed by cold attacks.
You have claws for feet.


Message History

The centaur wields a +0 shortbow.
The centaur shoots an arrow.
The arrow hits you.
* * * LOW HITPOINT WARNING * * *
You see here 2 arrows.
Casting: Sticks to Snakes (safe; 1% risk of failure)
Confirm with . or Enter, or press ? or * to list all spells.
You create 2 snakes!
You now have 62 arrows.
The centaur shoots an arrow.
The arrow barely misses you.
The centaur shoots an arrow.
The arrow hits your ball python!
Your ball python dies!
The centaur shoots an arrow.
The arrow closely misses you.
You swap places.
Your adder closely misses the centaur.
The centaur unwields a +0 shortbow.
The centaur hits your adder.
Your adder bites the centaur.
The centaur is poisoned.
Your adder poisons the centaur!
Your ball python bites the centaur but does no damage.
Your transformation is almost over.
The centaur wields a +0 shortbow.
The centaur shoots an arrow.
The arrow barely misses your adder. The arrow hits you!
You die...

...........#......#!....#
...........#.####./......
...........#.# #.#.#.#.#
..###.#.##.#.# #.#.#
.####....#.#.# #.# #
.........#...####S#
######.#.#.#.#.(c.#.
.........[....c####.####
.......#...#.#SS@.#....##
...รท...#...#.#.##+##....#
##.........#.#..........#
##.....#)....#..........#
#####....<.#.#..........#
#......................#
#.....##..#.#.#####....#
#.....#.....#.#####....#
#.....#...#.#......##'##


You could see a centaur (very poisoned), a friendly adder and a friendly ball
python.

Vanquished Creatures
  Prince Ribbit (D:5)
  Duvessa (D:4)
  2 phantoms
  An ogre (D:5)
  A centaur (D:5)
  Dowan (D:4)
  2 crimson imps (D:5)
  A hound (D:2)
  A centaur skeleton (D:4)
  An iguana (D:4)
  An orc wizard (D:3)
  2 worker ants (D:4)
  2 hound skeletons
  9 adders
  A shadow imp (D:5)
  An ooze (D:1)
  An adder skeleton (D:5)
  3 worms
  2 dart slugs
  3 leopard geckos
  5 orcs (D:3)
  3 ball pythons
  8 bats
  9 giant cockroaches
  10 goblins
  5 hobgoblins
  8 jackals
  A quokka (D:5)
  8 frilled lizards
  7 kobolds
  A leopard gecko zombie (D:2)
  A quokka skeleton (D:4)
  12 rats
  A plant (D:5)
116 creatures vanquished.

Vanquished Creatures (collateral kills)
  Sigmund (D:2)
  Menkaure (D:5)
  A jackal (D:5)
  A ball python (D:2)
  A rat (D:2)
5 creatures vanquished.

Vanquished Creatures (others)
  A jackal (D:5)
1 creature vanquished.

Grand Total: 122 creatures vanquished

Notes
Turn   | Place    | Note
-------+----------+-------------------------------------------
     0 | D:1      | Electrofox the Draconian Transmuter began the quest for the
                  | Orb.
     0 | D:1      | Reached XP level 1. HP: 16/16 MP: 3/3
   324 | D:1      | Reached XP level 2. HP: 21/23 MP: 5/5
   897 | D:1      | Reached XP level 3. HP: 28/28 MP: 7/7
   910 | D:1      | Learned a level 2 spell: Sticks to Snakes
  1039 | D:1      | Reached skill level 3 in Transmutations
  1192 | D:2      | Noticed Sigmund
  1205 | D:2      | Killed Sigmund
  1205 | D:2      | Reached skill level 4 in Transmutations
  1205 | D:2      | Reached XP level 4. HP: 22/35 MP: 3/9
  1205 | D:2      | Reached XP level 5. HP: 25/40 MP: 3/10
  1212 | D:2      | Learned a level 3 spell: Spider Form
  1312 | D:2      | Found a shadowy altar of Dithmenos.
  1413 | D:2      | Found a burning altar of Makhleb.
  1676 | D:2      | Noticed a phantom
  2294 | D:2      | Killed a phantom
  2294 | D:2      | Reached skill level 1 in Poison Magic
  2294 | D:2      | Reached XP level 6. HP: 12/47 MP: 10/12
  2553 | D:3      | Found a blossoming altar of Fedhas.
  2980 | D:3      | Reached skill level 5 in Transmutations
  3417 | D:4      | Noticed Dowan
  3419 | D:4      | Noticed Duvessa
  4148 | D:4      | Killed Duvessa
  4148 | D:4      | Your scales start taking on a fiery red colour.
  4148 | D:4      | Reached XP level 7. HP: 33/52 MP: 10/13
  4148 | D:4      | Gained mutation: Your flesh is heat resistant. (rF+) [Red
                  | Draconian growth]
  4187 | D:4      | Killed Dowan
  4527 | D:4      | Reached skill level 6 in Transmutations
  4528 | D:4      | Found a snail-covered altar of Cheibriados.
  4929 | D:5      | Entered Level 5 of the Dungeon
  5339 | D:5      | Found Ufeon's Armour Boutique.
  5728 | D:5      | Found a staircase to the Ecumenical Temple.
  5747 | D:5      | Noticed Prince Ribbit
  5756 | Temple   | Entered the Ecumenical Temple
  6001 | Temple   | Became a worshipper of Sif Muna the Loreminder
  6089 | D:5      | Found a glowing golden altar of the Shining One.
  6200 | D:5      | Noticed Menkaure
  6397 | D:5      | Killed Menkaure
  6397 | D:5      | Reached skill level 7 in Transmutations
  6397 | D:5      | Reached XP level 8. HP: 12/59 MP: 9/15
  6768 | D:5      | Killed Prince Ribbit
  6768 | D:5      | Reached skill level 5 in Spellcasting
  6894 | D:5      | Shot with an arrow by a centaur

Illustrated notes

Levels and vault maps discovered:
D:1:      dpeg_arrival_prison, layout_basic
D:2:      layout_loops_ring, grunt_dithmenos_smoke_and_mirrors,
          makhleb_blood_cavern_becter, patterned_corridor, uniq_sigmund
D:3:      layout_rooms, first_ration, fedhas_ov_isle_minmay
D:4:      layout_basic, kennysheep_slug_shrine, uniq_duvessa
D:5:      layout_basic, tso_oasis_becter, minmay_temple_entry_butterflies,
          serial_shops, shop, uniq_prince_ribbit1, uniq_menkaure
Temple:   minmay_temple_curvy_branch

Skill      XL: |  1  2  3  4  5  6  7  8 |
---------------+-------------------------+-----
Transmutations | 4 5 7 |  7.6
Spellcasting   | 3 4 5 |  5.1
Poison Magic   | 1 3 4 |  4.0
Fighting       | |  1.1
Dodging        | |  1.7
Unarmed Combat | |  3.0

Action                   |  1- 3 |  4- 6 |  7- 9 || total
-------------------------+-------+-------+-------++-------
Melee: Unarmed           |    82 |       |    29 ||   111
       Tailslap          |    14 |    22 |    18 ||    54
       Dagger            |    49 |   252 |   155 ||   456
       Kick              |       |     6 |    11 ||    17
       Punch             |       |     4 |     2 ||     6
       Headbutt          |       |       |     7 ||     7
 Fire: Hunting sling     |       |    82 |    48 ||   130
Throw: Stone             |    34 |     4 |       ||    38
       Dart              |       |    12 |    14 ||    26
 Cast: Sticks to Snakes  |     2 |     4 |    15 ||    21
       Beastly Appendage |     1 |     7 |    11 ||    19
 Abil: Breathe Fire      |       |       |     3 ||     3
  Use: Scroll            |       |       |     1 ||     1
 Stab: Sleeping          |     1 |       |       ||     1
       Distracted        |     1 |       |     1 ||     2
  Eat: Chunk             |     1 |     6 |    10 ||    17
       Ration            |       |     1 |       ||     1
Armor: Skin              |    27 |    67 |    62 ||   156
Dodge: Dodged            |    66 |   153 |   118 ||   337
